 Dungeon Crawl Stone Soup version 0.24.0-37-gcf1ca852f1 (webtiles) character file.

Game seed: 11972896504557192217, levelgen mode: deterministic

107053 Ivernyr the Thaumaturge (level 16, -2/123 (124) HPs)
             Began as a Gnoll Wizard on Nov 28, 2019.
             Was the Champion of Cheibriados.
             Incinerated by Macritz's ghost (14 damage)
             ... with a sticky flame
             ... on level 15 of the Dungeon.
             The game lasted 02:31:10 (28468 turns).

Ivernyr the Thaumaturge (Gnoll Wizard)             Turns: 28468, Time: 02:31:10

HP:   -2/123 (124)  AC: 14    Str: 25    XL:     16   Next: 45%
MP:   31/41         EV: 28    Int: 40    God:    Cheibriados [******]
Gold: 1348          SH: 15    Dex: 36    Spells: 20/40 levels left

rFire    . . .     SeeInvis .   n - +7 eveningstar
rCold    + . .     Gourm    .   D - +2 buckler
rNeg     . . .     Faith    .   T - +5 robe of the Nightingale {+Fly rPois rC+ Regen+}
rPois    +         Spirit   .   a - +2 helmet
rElec    .         Reflect  +   G - +0 cloak
rCorr    .         Harm     .   (no gloves)
MR       +++..                  h - +0 pair of boots
Stlth    +++.......             g - amulet of the Thistle {Reflect MR++ Dex+5 SH+3}
HPRegen  0.70/turn              I - ring of poison resistance
MPRegen  0.27/turn              f - ring of magical power

@: liquid flames, glowing, very slow
A: distributed training, fangs 1, strong nose
a: Bend Time, Temporal Distortion, Slouch, Step From Time, Renounce Religion,
Evoke Flight


You were on level 15 of the Dungeon.
You worshipped Cheibriados.
Cheibriados was exalted by your worship.
You were hungry.

You visited 2 branches of the dungeon, and saw 21 of its levels.

You collected 1838 gold pieces.
You spent 490 gold pieces at shops.

Inventory:

Hand Weapons
 n - a +7 eveningstar (weapon)
 v - a +1 arbalest of flaming
Armour
 a - a +2 helmet (worn)
 h - a +0 pair of boots (worn)
 u - the +3 leather armour of Amelioration {rF+ Regen+}
   (You found it on level 4 of the Dungeon)

   It protects you from fire.
   It increases your rate of regeneration.
 D - a +2 buckler (worn)
 G - a +0 cloak (worn)
 H - the +4 ring mail "Dasuqeel" {rElec Str+4 Dex-3}
   (You found it on level 2 of the Lair of Beasts)

   It affects your strength (+4).
   It affects your dexterity (-3).
   It insulates you from electricity.
 T - the +5 robe of the Nightingale (worn) {+Fly rPois rC+ Regen+}
   (You found it on level 14 of the Dungeon)

   It protects you from cold.
   It protects you from poison.
   It lets you fly.
   It increases your rate of regeneration.
Jewellery
 f - a ring of magical power (right hand)
 g - the amulet of the Thistle (around neck) {Reflect MR++ Dex+5 SH+3}
   (You took it off an entropy weaver on level 4 of the Lair of Beasts)

   [amulet of reflection]

   It shields you and reflects attacks.
   It affects your dexterity (+5).
   It affects your resistance to hostile enchantments.
   It affects your SH (+3).
 I - a ring of poison resistance (left hand)
 L - an uncursed ring of see invisible
 M - the ring of the Lonely Blessings {+Inv rN+ EV+4}
   (You found it on level 4 of the Lair of Beasts)

   [ring of evasion]

   It affects your evasion (+4).
   It protects you from negative energy.
   It lets you turn invisible.
 O - an uncursed ring of fire
 S - an uncursed amulet of regeneration {unknown}
Wands
 b - a wand of flame (60)
 k - a wand of paralysis (17)
 J - a wand of iceblast (24)
 N - a wand of polymorph (7)
 P - a wand of digging (6)
 Q - a wand of acid (8)
Scrolls
 c - 5 scrolls of teleportation
 i - 8 scrolls of enchant armour
 l - 9 scrolls of remove curse
 q - a scroll of noise {unknown}
 w - 5 scrolls of amnesia
 y - 6 scrolls of random uselessness
 B - 4 scrolls of fear
 E - 5 scrolls of fog
 F - 3 scrolls of blinking
 K - 6 scrolls of identify
 R - a scroll of summoning {unknown}
 U - a scroll of torment {unknown}
Potions
 e - 5 potions of heal wounds
 j - 9 potions of flight {unknown}
 m - 3 potions of haste {unknown}
 o - 8 potions of curing
 p - 2 potions of magic {unknown}
 r - 5 potions of mutation {unknown}
 s - 3 potions of berserk rage {unknown}
 t - 7 potions of lignification {unknown}
 x - 3 potions of degeneration {unknown}
 z - 4 potions of brilliance {unknown}
 A - a potion of invisibility {unknown}
 C - 3 potions of might {unknown}
 V - 2 potions of agility {unknown}
Comestibles
 d - 36 rations


   Skills:
 + Level 10.6 Fighting
 + Level 10.6 Short Blades
 + Level 10.6 Long Blades
 + Level 10.6 Axes
 + Level 10.6 Maces & Flails
 + Level 10.6 Polearms
 + Level 10.6 Staves
 + Level 10.6 Slings
 + Level 10.6 Bows
 + Level 10.6 Crossbows
 + Level 10.6 Throwing
 + Level 10.6 Armour
 + Level 11.5 Dodging
 + Level 11.3 Stealth
 + Level 10.6 Shields
 + Level 10.6 Unarmed Combat
 + Level 12.5 Spellcasting
 + Level 9.3 Conjurations
 + Level 9.0 Hexes
 + Level 9.0 Charms
 + Level 9.3 Summonings
 + Level 9.0 Necromancy
 + Level 9.3 Translocations
 + Level 9.0 Transmutations
 + Level 9.0 Fire Magic
 + Level 9.0 Ice Magic
 + Level 9.0 Air Magic
 + Level 9.0 Earth Magic
 + Level 9.0 Poison Magic
 + Level 11.5 Invocations
 + Level 10.6 Evocations


You had 20 spell levels left.
You knew the following spells:

 Your Spells              Type           Power        Failure   Level  Hunger
a - Magic Dart            Conj           ####         1%          1    None
b - Blink                 Tloc           N/A          1%          2    None
c - Conjure Flame         Conj/Fire      #######.     1%          3    None
d - Mephitic Cloud        Conj/Pois/Air  #######.     1%          3    None
e - Call Imp              Summ           #######.     1%          2    None
f - Cause Fear            Hex            #######...   1%          4    None
g - Fireball              Conj/Fire      #######...   1%          5    None

Your spell library contained the following spells:

 Spells                   Type           Power        Failure   Level  Hunger
 Corona                   Hex            #######      1%          1    None
 Flame Tongue             Conj/Fire      #####        1%          1    None
 Poisonous Vapours        Pois/Air       ######       1%          2    None
 Slow                     Hex            #######.     1%          2    None
 Throw Flame              Conj/Fire      ######       1%          2    None
 Inner Flame              Hex/Fire       #######.     1%          3    None
 Portal Projectile        Hex/Tloc       ######       1%          3    None
 Leda's Liquefaction      Hex/Erth       #######...   1%          4    None
 Sticky Flame             Conj/Fire      #######.     1%          4    None
 Freezing Cloud           Conj/Ice/Air   #######...   4%          6    ##.....
 Ring of Flames           Chrm/Fire      #######...   28%         7    ####...


Dungeon Overview and Level Annotations

Branches:
Dungeon (15/15)            Temple (0/1) D:5            Lair (6/6) D:11
 Shoals (0/4) Lair:4        Snake (0/4) Lair:2        Slime (0/5) Lair:6
    Orc (0/2) D:12         Vaults (0/5) D:13         Depths (0/5) D:15

Altars:
Cheibriados
Gozag
Kikubaaqudgha
Makhleb
Sif Muna
Trog
Uskayaw
Wu Jian
Xom
Yredelemnul
Zin
The Shining One
Beogh
Jiyva

Shops:
D:7 =   D:8 !:   D:11 ?

Annotations:
D:4 3 runed translucent doors, Descartes's ghost, amateur FeWr
D:6 2 transporters
D:7 3 runed translucent doors, Kobolds4U's ghost, novice DrCj
D:15 Macritz's ghost, adept KoGl
Lair:1 3 runed translucent doors, RandomHacker's ghost, journeyman GrMo


Innate Abilities, Weirdness & Mutations

Your experience applies equally to all skills.
You have very sharp teeth.
Your uncanny sense of smell can sniff out nearby items.


Message History

You are covered in liquid flames!
Macritz's ghost hits you!!
You bludgeon Macritz's ghost!!
Macritz's ghost is lightly damaged.
You are covered in liquid flames!
The shadow slips into darkness.
The shadow flickers and vanishes!
Deactivating autopickup; reactivate with Ctrl-A.
Macritz's ghost sprays you with burning goo.
The sticky flame hits you!
You are covered in liquid flames!
* * * LOW HITPOINT WARNING * * *
You step out of the flow of time.
You return to the normal time flow.
You feel somewhat more hungry.
You are covered in liquid flames!
* * * LOW HITPOINT WARNING * * *
You are covered in liquid flames!
* * * LOW HITPOINT WARNING * * *
You are covered in liquid flames!
You die...

# ##################
.)...........<...############
#.###.########.#............#
##.##.# #∆ ∆#...........##.#
#.###.# #.§§###..######.##.#
.## #.# #..§# #..# #.##.# .#
#.# ##'####@.######.##.# .#
#.####............##.##.#
.####........###..###.#..##.#
)))...##.##..# #..# #.#.###.#
########.##..# #..# #.#.# #.#
#.##..# #..###.#.###.# ####
#.##..# #............#
...#####.##..# #.(......#####
##.......##..# ######...#


There were no monsters in sight!

Vanquished Creatures
  Rupert (D:12)
  3 entropy weavers (Lair:4)
  Nessos (D:13)
  An ogre mage (D:13)
  Josephine (D:11)
  Harold (D:11)
  Erolcha (D:11)
  4 ghost crabs (Lair:4)
  3 catoblepae (Lair:6)
  6 hydras
  A death knight (D:15)
  2 centaur warriors
  2 tengu warriors
  2 two-headed ogres (D:13)
  7 death yaks (Lair:6)
  Sonja (Lair:1)
  8 slime creatures
  Urug (D:10)
  Nergalle (D:11)
  4 fire crabs (Lair:4)
  2 skeletal warriors
  A flayed ghost (D:15)
  2 wizards
  6 unseen horrors
  A deep elf archer (D:13)
  2 lindwurms (Lair:2)
  Pikel (D:7)
  A necromancer (D:15)
  3 orc knights
  2 oklob plants (Lair:1)
  3 deep elf magi
  A wolf spider (D:14)
  5 ugly things
  6 cyclopes
  20 elephants
  A stone giant skeleton (D:15)
  6 manticores
  An apocalypse crab (Lair:4)
  4 black mambas
  15 spiny frogs
  2 gargoyles
  A spriggan zombie (D:15)
  2 torpor snails
  3 freezing wraiths
  3 yaktaurs (D:13)
  2 efreet
  9 komodo dragons
  2 kobold demonologists (D:13)
  2 rime drakes
  A guardian mummy (D:15)
  5 trolls
  A meliai (shapeshifter) (D:14)
  A blink frog (shapeshifter) (D:14)
  5 hornets
  7 blink frogs
  6 dream sheep
  8 hippogriffs
  An ice dragon zombie (D:15)
  4 water elementals (D:14)
  A yak (shapeshifter) (D:13)
  2 shadows (D:14)
  7 wraiths
  3 wyverns
  An ettin skeleton (D:15)
  61 yaks
  4 hogs (D:8)
  A human (D:8)
  3 basilisks
  5 vampire mosquitoes
  2 hungry ghosts
  Menkaure (D:6)
  3 nagas (Lair:2)
  A soldier ant (D:12)
  An acid dragon (D:13)
  13 water moccasins
  14 porcupines
  6 orc warriors
  6 sky beasts
  4 black bears
  A phantom (D:10)
  7 ice beasts
  10 ogres
  8 wolves
  19 centaurs
  18 crocodiles
  2 big kobolds (D:12)
  26 bullfrogs
  A wyvern skeleton (D:12)
  3 scorpions
  24 killer bees
  A wight (D:11)
  2 electric eels (D:14)
  6 crimson imps
  3 centaur zombies
  A quasit (D:13)
  3 jellies
  2 hounds
  8 orc wizards
  4 orc priests
  A gnoll shaman (D:6)
  4 bullfrog skeletons
  4 centaur skeletons
  6 iguanas
  Jessica (D:2)
  9 worker ants
  2 hound skeletons
  Robin (D:4)
  7 gnolls
  8 adders
  6 shadow imps
  2 adder zombies (D:6)
  4 worms
  An adder skeleton (D:10)
  3 dart slugs
  8 leopard geckos
  44 orcs
  7 giant cockroaches
  18 goblins
  7 hobgoblins
  13 jackals
  8 quokkas
  3 ball pythons
  6 bats
  3 frilled lizards
  11 kobolds
  A quokka skeleton (D:9)
  9 rats
  A fungus (Lair:1)
  2 plants (Lair:1)
687 creatures vanquished.

Vanquished Creatures (collateral kills)
  A queen bee (D:11)
  4 killer bees (D:11)
5 creatures vanquished.

Vanquished Creatures (others)
  A centaur warrior (D:14)
  A cyclops (D:14)
  A vampire (D:12)
  A centaur (Lair:4)
  A killer bee (D:11)
  A hound (D:14)
  A kobold (D:12)
  48 fungi
  58 plants
  2 withered plants (D:15)
115 creatures vanquished.

Grand Total: 807 creatures vanquished

Notes
Turn   | Place    | Note
-------+----------+-------------------------------------------
     0 | D:1      | Ivernyr the Gnoll Wizard began the quest for the Orb.
     0 | D:1      | Reached XP level 1. HP: 13/13 MP: 8/8
   120 | D:1      | Reached XP level 2. HP: 18/19 MP: 5/10
   124 | D:1      | Learned a level 2 spell: Blink
  1062 | D:2      | Reached XP level 3. HP: 25/25 MP: 9/11
  1385 | D:2      | Reached skill level 1 in Invocations
  1511 | D:2      | Reached skill level 1 in Fighting
  1511 | D:2      | Reached skill level 1 in Short Blades
  1511 | D:2      | Reached skill level 1 in Long Blades
  1511 | D:2      | Reached skill level 1 in Axes
  1511 | D:2      | Reached skill level 1 in Maces & Flails
  1511 | D:2      | Reached skill level 1 in Polearms
  1511 | D:2      | Reached skill level 1 in Staves
  1511 | D:2      | Reached skill level 1 in Slings
  1511 | D:2      | Reached skill level 1 in Bows
  1511 | D:2      | Reached skill level 1 in Crossbows
  1511 | D:2      | Reached skill level 1 in Throwing
  1511 | D:2      | Reached skill level 1 in Armour
  1511 | D:2      | Reached skill level 1 in Shields
  1511 | D:2      | Reached skill level 1 in Unarmed Combat
  1511 | D:2      | Reached skill level 1 in Evocations
  1511 | D:2      | Reached XP level 4. HP: 30/32 MP: 5/13
  1632 | D:2      | Learned a level 3 spell: Conjure Flame
  1636 | D:2      | Learned a level 3 spell: Mephitic Cloud
  1639 | D:2      | Learned a level 2 spell: Call Imp
  2097 | D:2      | Found an ornate altar of the Wu Jian Council.
  2098 | D:2      | Noticed Jessica
  2107 | D:2      | Killed Jessica
  2107 | D:2      | Reached skill level 1 in Hexes
  2107 | D:2      | Reached skill level 1 in Charms
  2107 | D:2      | Reached skill level 1 in Necromancy
  2107 | D:2      | Reached skill level 1 in Transmutations
  2107 | D:2      | Reached skill level 1 in Fire Magic
  2107 | D:2      | Reached skill level 1 in Ice Magic
  2107 | D:2      | Reached skill level 1 in Air Magic
  2107 | D:2      | Reached skill level 1 in Earth Magic
  2107 | D:2      | Reached skill level 1 in Poison Magic
  2333 | D:2      | Reached XP level 5. HP: 36/37 MP: 9/14
  2831 | D:3      | Found a bloodstained altar of Trog.
  3663 | D:4      | Reached XP level 6. HP: 44/44 MP: 13/16
  3735 | D:4      | Noticed Descartes's ghost (amateur FeWr)
  3739 | D:4      | Found a runed translucent gate.
  3739 | D:4      | Found a runed translucent gate.
  3739 | D:4      | Found a runed translucent gate.
  3777 | D:4      | Got an amethyst-encrusted leather armour
  3788 | D:4      | Identified the +3 leather armour of Amelioration {rF+
                  | Regen+} (You found it on level 4 of the Dungeon)
  3809 | D:4      | Noticed Robin
  3864 | D:4      | Killed Robin
  3932 | D:4      | Found a snail-covered altar of Cheibriados.
  3936 | D:4      | Became a worshipper of Cheibriados the Contemplative
  4059 | D:4      | Found a snail-covered altar of Cheibriados.
  4065 | D:4      | Found a shimmering blue altar of Sif Muna.
  4068 | D:4      | Found a basalt altar of Yredelemnul.
  4069 | D:4      | Found a shimmering altar of Xom.
  4196 | D:5      | Entered Level 5 of the Dungeon
  4317 | D:5      | Found a staircase to the Ecumenical Temple.
  4372 | D:5      | Reached skill level 5 in Dodging
  4642 | D:5      | Found an opulent altar of Gozag.
  4755 | D:5      | You fall into a shaft and drop 3 floors!
  4781 | D:8      | Reached XP level 7. HP: 50/50 MP: 4/18
  5086 | D:8      | Reached * piety under Cheibriados
  5254 | D:8      | Noticed a yak
  5254 | D:8      | Noticed a yak
  5254 | D:8      | Noticed a yak
  5254 | D:8      | Noticed a yak
  5254 | D:8      | Noticed a yak
  5254 | D:8      | Noticed a yak
  5266 | D:8      | Killed a yak
  5268 | D:8      | Killed a yak
  5268 | D:8      | Reached skill level 5 in Stealth
  5270 | D:8      | Killed a yak
  5270 | D:8      | Reached XP level 8. HP: 51/57 MP: 14/19
  5274 | D:8      | Killed a yak
  5281 | D:8      | Killed a yak
  5323 | D:8      | Killed a yak
  5381 | D:8      | Reached skill level 8 in Spellcasting
  5435 | D:8      | Reached XP level 9. HP: 64/65 MP: 14/21
  5779 | D:8      | Noticed a troll
  5846 | D:8      | Killed a troll
  5970 | D:8      | Found Jeacir's Distillery.
  6007 | D:8      | Found Keatoe's Book Shoppe.
  6043 | D:6      | Found a glowing golden altar of the Shining One.
  6045 | D:6      | Noticed a skeletal warrior
  6047 | D:6      | Found a transporter.
  6064 | D:6      | Found a transporter.
  6341 | D:6      | Noticed Menkaure
  6354 | D:6      | Killed Menkaure
  6354 | D:6      | Reached ** piety under Cheibriados
  6932 | D:6      | Found an ancient bone altar of Kikubaaqudgha.
  7261 | D:6      | Found a burning altar of Makhleb.
  7261 | D:6      | Noticed a cacodemon
  7752 | D:7      | Reached skill level 5 in Invocations
  8157 | D:7      | Reached *** piety under Cheibriados
  8371 | D:7      | Reached XP level 10. HP: 73/73 MP: 0/22
  8506 | D:7      | Found Barybirisch's Jewellery Boutique.
  8522 | D:7      | Found a runed translucent gate.
  8522 | D:7      | Found a runed translucent gate.
  8522 | D:7      | Found a runed translucent gate.
  8525 | D:7      | Noticed Kobolds4U's ghost (novice DrCj)
  8778 | D:7      | Found a roughly hewn altar of Beogh.
  8810 | D:8      | Noticed Pikel
  8844 | D:7      | Killed Pikel
  9068 | D:8      | Reached skill level 5 in Fighting
  9068 | D:8      | Reached skill level 5 in Short Blades
  9068 | D:8      | Reached skill level 5 in Long Blades
  9068 | D:8      | Reached skill level 5 in Axes
  9068 | D:8      | Reached skill level 5 in Maces & Flails
  9068 | D:8      | Reached skill level 5 in Polearms
  9068 | D:8      | Reached skill level 5 in Staves
  9068 | D:8      | Reached skill level 5 in Slings
  9068 | D:8      | Reached skill level 5 in Bows
  9068 | D:8      | Reached skill level 5 in Crossbows
  9068 | D:8      | Reached skill level 5 in Throwing
  9068 | D:8      | Reached skill level 5 in Armour
  9068 | D:8      | Reached skill level 5 in Shields
  9068 | D:8      | Reached skill level 5 in Unarmed Combat
  9068 | D:8      | Reached skill level 5 in Evocations
  9120 | D:8      | Bought a book of Flames for 490 gold pieces
  9125 | D:8      | Learned a level 4 spell: Cause Fear
  9131 | D:8      | Learned a level 5 spell: Fireball
  9793 | D:9      | Reached skill level 9 in Spellcasting
  9905 | D:9      | Reached skill level 5 in Conjurations
  9905 | D:9      | Reached skill level 5 in Summonings
  9905 | D:9      | Reached skill level 5 in Translocations
  9920 | D:9      | Reached **** piety under Cheibriados
 10516 | D:10     | Entered Level 10 of the Dungeon
 10589 | D:10     | Noticed a green ugly thing
 10909 | D:9      | Reached XP level 11. HP: 67/81 MP: 18/24
 11386 | D:10     | Killed a green ugly thing
 11803 | D:10     | Reached skill level 5 in Hexes
 11803 | D:10     | Reached skill level 5 in Charms
 11803 | D:10     | Reached skill level 5 in Necromancy
 11803 | D:10     | Reached skill level 5 in Transmutations
 11803 | D:10     | Reached skill level 5 in Fire Magic
 11803 | D:10     | Reached skill level 5 in Ice Magic
 11803 | D:10     | Reached skill level 5 in Air Magic
 11803 | D:10     | Reached skill level 5 in Earth Magic
 11803 | D:10     | Reached skill level 5 in Poison Magic
 12104 | D:11     | Noticed Erolcha
 12105 | D:11     | Reached ***** piety under Cheibriados
 12124 | D:11     | Killed Erolcha
 12264 | D:11     | Found Pysod's Magic Scroll Shoppe.
 12392 | D:11     | Noticed Urug
 12534 | D:10     | Killed Urug
 12644 | D:11     | Noticed Josephine
 12654 | D:11     | Killed Josephine
 12676 | D:11     | Noticed a cyclops
 12688 | D:11     | Noticed a manticore
 12694 | D:11     | Noticed a six-headed hydra
 13041 | D:11     | Found a staircase to the Lair.
 13065 | D:11     | Reached XP level 12. HP: 78/89 MP: 25/25
 13233 | D:11     | Noticed Harold
 13245 | D:11     | Killed Harold
 13245 | D:11     | Reached ****** piety under Cheibriados
 13254 | D:11     | Reached skill level 10 in Spellcasting
 13323 | D:11     | Noticed Nergalle
 13331 | D:11     | Noticed a six-headed hydra
 13339 | D:11     | Killed Nergalle
 13348 | D:11     | Killed a six-headed hydra
 13905 | D:11     | Killed a six-headed hydra
 13971 | D:11     | You fall into a shaft and drop 3 floors!
 14332 | D:12     | Noticed Rupert
 14347 | D:12     | Killed Rupert
 14679 | D:12     | Found a staircase to the Orcish Mines.
 14844 | D:12     | Reached XP level 13. HP: 98/98 MP: 27/27
 15656 | Lair:1   | Entered Level 1 of the Lair of Beasts
 15660 | Lair:1   | Noticed Sonja
 15678 | Lair:1   | Killed Sonja
 15878 | Lair:1   | Found a runed translucent gate.
 15879 | Lair:1   | Found a runed translucent gate.
 15880 | Lair:1   | Found a runed translucent gate.
 16479 | Lair:1   | Noticed RandomHacker's ghost (journeyman GrMo)
 17705 | Lair:2   | Found a staircase to the Snake Pit.
 18242 | Lair:2   | Reached skill level 11 in Spellcasting
 18339 | Lair:2   | Got a transparent ring mail
 18340 | Lair:2   | Identified the +4 ring mail "Dasuqeel" {rElec Str+4 Dex-3}
                  | (You found it on level 2 of the Lair of Beasts)
 18914 | Lair:3   | Got a crystal quarterstaff
 18915 | Lair:3   | Identified the +6 quarterstaff of the Extremes {crush,
                  | +Fly} (You found it on level 3 of the Lair of Beasts)
 19390 | Lair:3   | Reached XP level 14. HP: 94/106 MP: 14/29
 19631 | Lair:3   | Found a glowing silver altar of Zin.
 20206 | Lair:4   | Reached skill level 10 in Dodging
 20297 | Lair:4   | Got a warped pewter ring
 20298 | Lair:4   | Identified the ring of the Lonely Blessings {+Inv rN+ EV+4}
                  | (You found it on level 4 of the Lair of Beasts)
 20376 | Lair:4   | Found a staircase to the Shoals.
 20714 | Lair:4   | Reached skill level 10 in Stealth
 20856 | Lair:4   | Found a runed translucent door.
 20970 | Lair:4   | Noticed an entropy weaver
 21135 | Lair:4   | Killed an entropy weaver
 21231 | Lair:4   | Reached skill level 10 in Invocations
 21437 | Lair:4   | Noticed an entropy weaver
 21449 | Lair:4   | Killed an entropy weaver
 21567 | Lair:4   | Identified the amulet of the Thistle {Reflect MR++ Dex+5
                  | SH+3}
 21567 | Lair:4   | Noticed an entropy weaver
 21572 | Lair:4   | Killed an entropy weaver
 22745 | Lair:6   | Entered Level 6 of the Lair of Beasts
 22917 | Lair:6   | Reached XP level 15. HP: 114/114 MP: 30/30
 23632 | Lair:6   | Found a viscous altar of Jiyva.
 23632 | Lair:6   | Found a staircase to the Slime Pits.
 24627 | D:13     | Reached skill level 12 in Spellcasting
 24833 | D:13     | Reached skill level 10 in Fighting
 24833 | D:13     | Reached skill level 10 in Short Blades
 24833 | D:13     | Reached skill level 10 in Long Blades
 24833 | D:13     | Reached skill level 10 in Axes
 24833 | D:13     | Reached skill level 10 in Maces & Flails
 24833 | D:13     | Reached skill level 10 in Polearms
 24833 | D:13     | Reached skill level 10 in Staves
 24833 | D:13     | Reached skill level 10 in Slings
 24833 | D:13     | Reached skill level 10 in Bows
 24833 | D:13     | Reached skill level 10 in Crossbows
 24833 | D:13     | Reached skill level 10 in Throwing
 24833 | D:13     | Reached skill level 10 in Armour
 24833 | D:13     | Reached skill level 10 in Shields
 24833 | D:13     | Reached skill level 10 in Unarmed Combat
 24833 | D:13     | Reached skill level 10 in Evocations
 25459 | D:13     | Found a gate to the Vaults.
 25596 | D:13     | Noticed Nessos
 25609 | D:13     | Killed Nessos
 26202 | D:14     | Reached XP level 16. HP: 122/122 MP: 18/32
 26661 | D:14     | Found a hide-covered altar of Uskayaw.
 27248 | D:14     | Got a warped robe
 27249 | D:14     | Identified the +5 robe of the Nightingale {+Fly rPois rC+
                  | Regen+} (You found it on level 14 of the Dungeon)
 27466 | D:15     | Entered Level 15 of the Dungeon
 27577 | D:15     | Found a runed translucent door.
 27579 | D:15     | Noticed Macritz's ghost (adept KoGl)
 27645 | D:15     | Found a staircase to the Depths.
 28340 | D:15     | Got a crude hand axe
 28341 | D:15     | Identified the cursed +1 hand axe of Kismet {venom, rElec}
                  | (You found it on level 15 of the Dungeon)
 28468 | D:15     | Incinerated by Macritz's ghost

Levels and vault maps discovered:
D:1:      minmay_arrival_floating_metal, layout_loops_ring,
          minmay_misc_feat_pillars
D:2:      minmay_recursive_quarters, layout_loops_ring, old_standard_altar,
          minmay_indecisive_spiral, uniq_jessica
D:3:      layout_basic, lightli_temple_of_fire
D:4:      layout_rooms, minitemple, first_ration, gammafunk_ghost_split,
          hex_medium, cheibriados_altar_1, uniq_robin
D:5:      layout_rooms, lemuel_coloured_pillars_altar, minmay_temple_entry_glass
D:6:      layout_basic, gammafunk_temple_overflow_arena, lemuel_crystal_altar,
          makhleb_altar_promises_db, uniq_menkaure
D:7:      layout_basic, serial_shops, nicolae_shop_window_shopping,
          biasface_ghost_orc_armoury
D:8:      layout_gridville, serial_shops, nicolae_shop_trees,
          nicolae_shop_stone, grunt_livestock, minmay_misc_feat_x, uniq_pikel
D:9:      layout_loops_cross
D:10:     layout_rooms
D:11:     layout_roguey [special_room_bee], due_lair_maze_entry_diamond,
          serial_shops, shop, kennysheep_generic_room_14, uniq_urug,
          uniq_nergalle, uniq_erolcha, uniq_josephine, uniq_harold
D:12:     layout_basic, orc_0_dummy, uniq_rupert
D:13:     layout_loops_ring, hangedman_vaults_entry_quadrant_bands,
          serial_glass, glass_columns_a, glass_columns_a, glass_columns_a,
          glass_columns_b, glass_columns_a, glass_columns_c, glass_columns_a,
          glass_columns_c, glass_columns_c, glass_columns_a,
          minmay_fractal_squares_gapless_5, uniq_nessos
D:14:     minmay_swirls_squares, layout_basic, basic_altar,
          serial_bayou_lagoon_b
D:15:     gammafunk_depths_entry_grave, layout_loops_ring, hex_tiny,
          ebering_ghost_inner_flame
Lair:1:   layout_chaotic_city, gammafunk_ghost_icy, grunt_megastairs_4,
          minmay_lair_oklob_chamber, uniq_sonja
Lair:2:   cheibrodos_lair_overgrown_chateau, layout_cave_pods,
          guppyfry_snake_entry_garden
Lair:3:   layout_regular_city, basic_altar, grunt_megastairs_1
Lair:4:   gammafunk_mikee_crab_dinner, layout_misc_corridors,
          minmay_shoals_entry_centaurs, nzn_random_ring
Lair:5:   layout_regular_city
Lair:6:   evilmike_catoblepas_cave, layout_regular_city, slime_altar_1,
          grunt_megastairs_3

Skill      XL: |  1  2  3  4  5  6  7  8  9 10 11 12 13 14 15 16 |
---------------+-------------------------------------------------+-----
Conjurations   | 2 3 4 5 6 7 8 9 |  9.3
Summonings     | 2 3 4 5 6 7 8 9 |  9.3
Translocations | 2 3 4 5 6 7 8 9 |  9.3
Invocations    | 1 2 3 4 5 6 7 8 9 10 11 | 11.5
Fighting       | 1 2 3 4 5 6 7 8 9 10 | 10.6
Short Blades   | 1 2 3 4 5 6 7 8 9 10 | 10.6
Long Blades    | 1 2 3 4 5 6 7 8 9 10 | 10.6
Axes           | 1 2 3 4 5 6 7 8 9 10 | 10.6
Maces & Flails | 1 2 3 4 5 6 7 8 9 10 | 10.6
Polearms       | 1 2 3 4 5 6 7 8 9 10 | 10.6
Staves         | 1 2 3 4 5 6 7 8 9 10 | 10.6
Slings         | 1 2 3 4 5 6 7 8 9 10 | 10.6
Bows           | 1 2 3 4 5 6 7 8 9 10 | 10.6
Crossbows      | 1 2 3 4 5 6 7 8 9 10 | 10.6
Throwing       | 1 2 3 4 5 6 7 8 9 10 | 10.6
Armour         | 1 2 3 4 5 6 7 8 9 10 | 10.6
Shields        | 1 2 3 4 5 6 7 8 9 10 | 10.6
Unarmed Combat | 1 2 3 4 5 6 7 8 9 10 | 10.6
Evocations     | 1 2 3 4 5 6 7 8 9 10 | 10.6
Hexes          | 1 2 3 4 5 6 7 8 9 |  9.0
Charms         | 1 2 3 4 5 6 7 8 9 |  9.0
Necromancy     | 1 2 3 4 5 6 7 8 9 |  9.0
Transmutations | 1 2 3 4 5 6 7 8 9 |  9.0
Fire Magic     | 1 2 3 4 5 6 7 8 9 |  9.0
Ice Magic      | 1 2 3 4 5 6 7 8 9 |  9.0
Air Magic      | 1 2 3 4 5 6 7 8 9 |  9.0
Earth Magic    | 1 2 3 4 5 6 7 8 9 |  9.0
Poison Magic   | 1 2 3 4 5 6 7 8 9 |  9.0
Dodging        | 5 6 7 8 9 10 11 | 11.5
Stealth        | 5 6 7 8 9 10 11 | 11.3
Spellcasting   | 8 9 10 11 12 | 12.5

Action                   |  1- 3 |  4- 6 |  7- 9 | 10-12 | 13-15 | 16-18 || total
-------------------------+-------+-------+-------+-------+-------+-------++-------
Melee: Unarmed           |    19 |    13 |       |       |       |       ||    32
       Bite              |     1 |    10 |    17 |    49 |   199 |    47 ||   323
       Falchion          |       |    71 |    95 |     4 |       |       ||   170
       Punch             |       |       |     2 |    23 |    30 |       ||    55
       Long sword        |       |       |       |    95 |       |       ||    95
       Eveningstar       |       |       |       |   178 |   791 |   169 ||  1138
 Cast: Magic Dart        |    73 |   170 |   251 |   352 |    91 |     9 ||   946
       Mephitic Cloud    |       |     5 |     5 |    19 |       |       ||    29
       Conjure Flame     |       |     4 |    13 |    24 |     7 |       ||    48
       Blink             |       |     1 |     6 |    20 |    15 |     4 ||    46
       Fireball          |       |       |       |    32 |   155 |    35 ||   222
       Cause Fear        |       |       |       |     1 |     2 |       ||     3
Invok: Step From Time    |       |       |       |       |     1 |     1 ||     2
  Use: Scroll            |       |       |       |     6 |    16 |     2 ||    24
 Stab: Sleeping          |       |     2 |       |     3 |     8 |     3 ||    16
       Confused          |       |     1 |     4 |    14 |       |       ||    19
       Distracted        |       |       |       |       |     2 |     1 ||     3
  Eat: Chunk             |     2 |     9 |     3 |    11 |    20 |     4 ||    49
       Ration            |       |       |     1 |       |       |       ||     1
Armor: Robe              |     3 |     9 |       |       |       |    31 ||    43
       Leather armour    |       |    26 |    34 |   120 |   212 |     9 ||   401
Dodge: Dodged            |    19 |   115 |   134 |   473 |   927 |   149 ||  1817
Block: Buckler           |       |       |       |       |   399 |   141 ||   540
       Other             |       |       |       |       |    47 |       ||    47
       Reflection        |       |       |       |       |    11 |     7 ||    18
       Rpst.: Falchion   |       |    31 |    45 |     1 |       |       ||    77
       Long sword        |       |       |       |    56 |       |       ||    56
